 Dungeon Crawl Stone Soup version 0.31.0-10-gcf4a605ca0 (webtiles) character file.

Game seed: 1287983749718214291

344 Khashishi the Caller (level 6, 0/50 HPs)
             Began as a Ghoul Summoner on Jan 25, 2024.
             Slain by a mummy (8 damage)
             ... in an ossuary.
             The game lasted 00:21:59 (2259 turns).

Khashishi the Caller (Ghoul Summoner)               Turns: 2259, Time: 00:22:00

Health: 0/50       AC: 16    Str: 12    XL:     6   Next: 58%
Magic:  4/9        EV:  6    Int: 16    God:
Gold:   181        SH:  0    Dex:  9    Spells: 3/9 levels left

rFire   . .          .
                       - Unarmed
rCold   + + .        (no shield)
rNeg    + + +        g - +2 chain mail {rC+}
rPois   ∞            (no helmet)
rElec   .            (no cloak)
rCorr   .            a - +0 pair of gloves
SInv    .            (no boots)
Will    .....        (no amulet) Stlth
                     i - +4 ring of protection
HPRegen 0.00/turn    (no ring)
MPRegen 0.11/turn

%: no passive effects
@: inhibited regen
A: claws 1, cold resistance 1, negative energy resistance 3, inhibited
regeneration, torment resistance 2, devour on kill
a: no special abilities


You were in an ossuary.
You visited 1 branch of the dungeon, and saw 4 of its levels.
You also visited: Ossuary.

You collected 181 gold pieces.

Inventory:

Armour
 a - a +0 pair of gloves (worn)
 g - a +2 chain mail of cold resistance (worn)
Jewellery
 i - a +4 ring of protection (left hand)
Wands
 h - a wand of charming (7)
 m - a wand of acid (9)
Scrolls
 d - 2 scrolls of blinking
 f - 5 scrolls of teleportation
 j - a scroll of noise
 k - a scroll of summoning
Potions
 b - a potion of magic
 c - 2 potions of might
 e - a potion of cancellation
 o - a potion of curing {unknown}


   Skills:
 + Level 2.4 Fighting
 - Level 2.5 Armour
 - Level 1.7 Dodging
 - Level 2.1 Stealth
 + Level 2.4 Unarmed Combat
 - Level 2.0 Spellcasting
 + Level 5.3 Summonings


You had 3 spell levels left.
You knew the following spells:

 Your Spells              Type           Power      Damage    Failure   Level
a - Summon Small Mammal   Summ           72%        N/A       50%         1
b - Call Imp              Summ           36%        N/A       63%         2
c - Call Canine Familiar  Summ           18%        N/A       86%         3

Your spell library contained the following spells:

 Spells                   Type           Power      Damage    Failure   Level
 Summon Blazeheart Golem  Fire/Summ      10%        N/A       100%        4
 Summon Lightning Spire   Summ/Air       10%        N/A       100%        4


Dungeon Overview and Level Annotations

Branches:
Dungeon (4/15)            Ossuary (1/1)
 Temple: D:4-7

Altars:

Shops:
D:4 :

Annotations:
D:3 Sigmund


Innate Abilities, Weirdness & Mutations

You are immune to poison.
You have sharp fingernails.
Your flesh is cold resistant. (rC+)
You are immune to negative energy. (rN+++)
You do not regenerate when monsters are visible.
You are immune to unholy pain and torment.
You thrive by killing the living.


Message History

The mummy hits you!
* * * LOW HITPOINT WARNING * * *
Okay, then.
Unknown command.
You hit the orc zombie.
You destroy the orc zombie!
You hit the mummy but do no damage.
The mummy is severely damaged.
Your bat barely misses the mummy.
Your rat bites the mummy but does no damage.
You hit the mummy but do no damage.
The mummy is severely damaged.
Your bat hits the weeping skull but does no damage.
Your rat bites the mummy.
The weeping skull releases gushing sobs.
The wave of grief passes through your bat.
Your bat is drained!
Your bat dies!
Your bat's corpse disappears in a puff of smoke!
The mummy barely misses you.
The weeping skull gives a chilling moan.
You hit the mummy.
The mummy is almost destroyed.
Your rat bites the mummy but does no damage.
You hit the mummy but do no damage.
The mummy is almost destroyed.
Your rat bites the mummy but does no damage.
The mummy hits your rat!
Your rat dies!
Your rat's corpse disappears in a puff of smoke!
You completely miss the mummy.
The mummy is almost destroyed.
The mummy hits you.
* * * LOW HITPOINT WARNING * * *
You barely miss the mummy.
The mummy is almost destroyed.
You hit the mummy but do no damage.
The mummy is almost destroyed.
The mummy hits you!
You die...

#.°.'.........'...
#.#°'....⌠....'.#^
#.○.'...○.....'...
#Z.###.......###..
'' ##....°## ' #
##'#)## #°..#
##M## #@°.# #.∩.#
#####


You could see a mummy.

Vanquished Creatures
  An elf skeleton (D:4)
  A burial acolyte (Ossuary)
  A jelly (D:4)
  4 adders
  A ribbon worm (D:2)
  2 orcs
  5 ball pythons
  2 bats
  5 endoplasms
  3 goblins
  5 hobgoblins
  2 jackals (D:2)
  2 kobolds
  3 quokkas
  3 frilled lizards
  2 orc zombies (Ossuary)
  3 rats
45 creatures vanquished.

Vanquished Creatures (collateral kills)
  A bombardier beetle (D:4)
  Jessica (D:3)
  An iguana (D:4)
  2 mummies (Ossuary)
  An adder (D:4)
  A ribbon worm (D:3)
  A dart slug (D:1)
  4 endoplasms
  A giant cockroach (D:4)
  A goblin (D:1)
  3 hobgoblins
  2 kobolds (D:1)
  A quokka (D:4)
  3 ball pythons
  A bat (D:3)
  A gnoll zombie (Ossuary)
  3 orc skeletons (D:4)
  An orc zombie (Ossuary)
  3 rats (D:1)
32 creatures vanquished.

Grand Total: 77 creatures vanquished

Notes
Turn   | Place    | Note
-------+----------+-------------------------------------------
     0 | D:1      | Khashishi the Ghoul Summoner began the quest for the Orb.
     0 | D:1      | Reached XP level 1. HP: 14/14 MP: 3/3
   150 | D:1      | Reached skill level 4 in Summonings
   150 | D:1      | Reached XP level 2. HP: 13/20 MP: 0/4
   156 | D:1      | Learned a level 2 spell: Call Imp
   512 | D:1      | Reached XP level 3. HP: 22/26 MP: 2/5
   766 | D:3      | Noticed Sigmund
   952 | D:2      | Reached skill level 1 in Armour
   975 | D:2      | Reached XP level 4. HP: 33/33 MP: 6/6
  1203 | D:3      | Noticed Jessica
  1217 | D:3      | Killed Jessica
  1314 | D:2      | Learned a level 3 spell: Call Canine Familiar
  1447 | D:3      | Reached XP level 5. HP: 37/38 MP: 8/8
  1457 | D:3      | Reached skill level 5 in Summonings
  1712 | D:4      | Found Heob's Book Shoppe.
  1821 | D:4      | Reached skill level 1 in Fighting
  1821 | D:4      | Reached skill level 1 in Unarmed Combat
  1949 | D:4      | Reached XP level 6. HP: 13/48 MP: 4/9
  2044 | D:4      | Found a sand-covered staircase.
  2053 | Ossuary  | Entered an ossuary
  2259 | Ossuary  | Slain by a mummy

Illustrated notes

Levels and vault maps discovered:
D:1:      nicolae_arrival_washed_ashore, layout_loops_cross, minmay_pentomino_z4
D:2:      layout_loops_cross
D:3:      layout_loops_ring, shapermc_ecumenical_altar_mp_ritualfount,
          uniq_crazy_yiuf_cottage, uniq_jessica, uniq_sigmund
D:4:      layout_loops_cross, serial_shops, shop,
          nicolae_ossuary_entry_catacombs
Ossuary:  ossuary_crypta

Skill      XL: |  1  2  3  4  5 |
---------------+----------------+-----
Summonings     | 4 5 |  5.3
Armour         | 1 2 |  2.5
Spellcasting   | 2 |  2.0
Fighting       | 2 |  2.4
Unarmed Combat | 2 |  2.4
Dodging        | |  1.7
Stealth        | |  2.1

Action                     |  1- 3 |  4- 6 || total
---------------------------+-------+-------++-------
  Melee: Unarmed           |    91 |   354 ||   445
         Punch             |     1 |     2 ||     3
   Cast: Summon Small Mamm |    22 |    28 ||    50
         Call Imp          |     1 |     1 ||     2
  Evoke: Wand              |       |     1 ||     1
    Use: Scroll            |       |     7 ||     7
         Potion            |       |     1 ||     1
   Stab: Sleeping          |     1 |       ||     1
 Armour: Robe              |    17 |       ||    17
         Chain mail        |    42 |   256 ||   298
  Dodge: Dodged            |    44 |   103 ||   147
